 Dungeon Crawl Stone Soup version 0.19.1 (webtiles) character file.

499 SQman the Covered (level 6, -3/53 HPs)
             Began as a Minotaur Fighter on Dec 18, 2016.
             Was a Believer of Yredelemnul.
             Killed by divine providence
             ... invoked by an orc priest
              (16 damage)
             ... on level 4 of the Dungeon.
             The game lasted 00:18:22 (2676 turns).

SQman the Covered (Minotaur Fighter)                Turns: 2676, Time: 00:18:23

Health: -3/53      AC: 12    Str: 23    XL:     6   Next: 94%
Magic:  5/6        EV:  8    Int:  5    God:    Yredelemnul [**....]
Gold:   184        SH: 10    Dex:  9    Spells: 0 memorised, 5 levels left

rFire  x . .     SeeInvis .     a - +1 flail
rCold  + + .     Gourm    .     b - +1 scale mail
rNeg   . . .     Faith    .     c - +0 shield
rPois  .         Spirit   .     (helmet restricted)
rElec  .         Reflect  .     (no cloak)
rCorr  .         Harm     .     j - +1 pair of gloves
MR     .....                    q - +0 pair of boots
Stlth  ..........               (no amulet)
                                n - ring of protection from cold
                                m - ring of ice

@: no status effects
A: retaliatory headbutt, horns 2
a: Animate Remains, Recall Undead Slaves, Injury Mirror, Renounce Religion


You were on level 4 of the Dungeon.
You worshipped Yredelemnul.
Yredelemnul was pleased with you.
You were not hungry.

You visited 1 branch of the dungeon, and saw 4 of its levels.

You collected 184 gold pieces.

Inventory:

Hand Weapons
 a - a +1 flail (weapon)
Missiles
 r - 8 javelins (quivered)
Armour
 b - a +1 scale mail (worn)
 c - a +0 shield (worn)
 j - a +1 pair of gloves (worn)
 l - a +0 ring mail
 q - a +0 pair of boots (worn)
Jewellery
 m - a ring of ice (left hand)
 n - a ring of protection from cold (right hand)
Scrolls
 e - a scroll of magic mapping
 g - 2 scrolls of identify
 h - 2 scrolls of remove curse
 s - a scroll of amnesia
Potions
 d - a potion of might
 k - a potion of curing
 o - a potion of cure mutation
Comestibles
 f - 4 bread rations
 i - 5 meat rations
 p - 8 chunks of flesh


   Skills:
 + Level 4.7 Fighting
 + Level 5.0 Maces & Flails
 + Level 5.5 Armour
 + Level 2.1 Dodging
 + Level 0.5 Stealth
 + Level 4.9 Shields
 + Level 2.1 Invocations


You had 5 spell levels left.
You didn't know any spells.

Dungeon Overview and Level Annotations

Branches:
Dungeon (4/15)
 Temple: D:4-7

Altars:
Yredelemnul


Innate Abilities, Weirdness & Mutations

You reflexively headbutt those who attack you in melee.
You have a pair of horns on your head.


Message History

An orc comes into view.
The orc shouts!
An orc priest comes into view. It is wielding a trident.
The orc priest mumbles some strange prayers to Beogh against you.
Pain shoots through your body!
* * * LOW HITPOINT WARNING * * *
The orc curses loudly, as Orcs often do.
You block the orc's attack.
You sock the orc!
You kill the orc!
Yredelemnul accepts your kill. You block the orc's attack.
Your ogre zombie hits the orc with a giant club!!
The orc dies!
Yredelemnul accepts your kill.
You barely miss the orc. Your headbutt misses the orc.
The orc priest invokes the aid of Beogh against you.
Beogh smites you!
You die...
Your body rises from the dead as a mindless zombie.

#........#
#........# #........
. #......##### ..
#.o.......
...#..o.... #
.......oZ######.#
.......@Z.....#.####
......ZZ............
..........Z.......
.$.......Z.#.##.#
#########..#....##..
#...........
##...######.## ###.#
#..# # ########'##
..#..


You could see 2 orc priests, an orc, a friendly iguana zombie, 2 friendly orc
zombies, a friendly orc priest zombie, a friendly ogre zombie and a friendly orc
skeleton.

Vanquished Creatures
  2 ogres
  The ghost of Casas the Skirmisher, an amateur GrFi (D:3)
  An orc priest (D:4)
  An iguana (D:4)
  An orc wizard (D:4)
  5 adders (D:2)
  2 oozes
  A worm (D:2)
  4 dart slugs
  3 leopard geckos
  7 orcs
  2 giant cockroaches
  12 goblins
  9 hobgoblins
  4 jackals (D:3)
  8 kobolds
  A quokka (D:3)
  5 bats
  8 frilled lizards
  13 rats
90 creatures vanquished.

Vanquished Creatures (collateral kills)
  An orc priest (D:4)
  An adder skeleton (D:4)
  2 orcs (D:4)
  A goblin (D:2)
  A frilled lizard (D:3)
6 creatures vanquished.

Grand Total: 96 creatures vanquished

Notes
Turn   | Place    | Note
-------+----------+-------------------------------------------
     0 | D:1      | SQman the Minotaur Fighter began the quest for the Orb.
     0 | D:1      | Reached XP level 1. HP: 19/19 MP: 0/0
   124 | D:1      | Reached XP level 2. HP: 20/27 MP: 1/1
   520 | D:1      | Reached XP level 3. HP: 30/33 MP: 2/2
   904 | D:2      | Found a faded altar of an unknown god.
   924 | D:2      | Became a worshipper of Yredelemnul the Dark
   924 | D:2      | Reached * piety under Yredelemnul
  1045 | D:2      | Reached XP level 4. HP: 36/40 MP: 3/3
  1314 | D:2      | Reached skill level 1 in Invocations
  1359 | D:3      | Noticed Casas's ghost (amateur GrFi)
  1374 | D:3      | Killed Casas's ghost
  1374 | D:3      | Reached skill level 1 in Dodging
  1374 | D:3      | Reached XP level 5. HP: 21/46 MP: 4/4
  1700 | D:3      | Noticed an ogre
  1711 | D:3      | Killed an ogre
  1711 | D:3      | Reached ** piety under Yredelemnul
  1711 | D:3      | Reached skill level 5 in Armour
  1711 | D:3      | Reached XP level 6. HP: 38/52 MP: 4/6
  2618 | D:4      | Reached skill level 5 in Maces & Flails
  2676 | D:4      | Killed from afar by an orc priest

Skill      XL: |  1  2  3  4  5  6 |
---------------+-------------------+-----
Armour         | 4 5 |  5.5
Maces & Flails | 3 4 5 |  5.0
Shields        | 4 |  4.9
Invocations    | 1 2 |  2.1
Fighting       | 4 |  4.7
Dodging        | 1 2 |  2.1
Stealth        | |  0.5

Action                   |  1- 3 |  4- 6 || total
-------------------------+-------+-------++-------
Melee: Flail             |   100 |   116 ||   216
       Headbutt          |     9 |    22 ||    31
Invok: Animate Remains   |     1 |    17 ||    18
  Use: Scroll            |     8 |     2 ||    10
       Potion            |     5 |     2 ||     7
  Eat: Chunk             |     1 |     1 ||     2
       Bread ration      |       |     2 ||     2
Armor: Scale mail        |    49 |    45 ||    94
Dodge: Dodged            |    38 |    32 ||    70
Block: Shield            |    56 |    48 ||   104
